 Dungeon Crawl Stone Soup version 0.21.1-1-g345015f (webtiles) character file.

53 Mgcat the Chopper (level 3, -1/23 HPs)
             Began as a Gargoyle Gladiator on Feb 12, 2018.
             Killed by nerve-wracking pain
             ... invoked by Grinder
              (5 damage)
             ... on level 3 of the Dungeon.
             The game lasted 00:03:46 (1621 turns).

Mgcat the Chopper (Gargoyle Gladiator)              Turns: 1621, Time: 00:03:47

Health: -1/23      AC: 10    Str: 17    XL:     3   Next: 87%
Magic:  0/3        EV: 10    Int:  8    God:
Gold:   95         SH:  3    Dex: 12    Spells: 2/2 levels left

rFire    x . .     SeeInvis .   a - +1 war axe
rCold    + . .     Gourm    .   n - +0 buckler
rNeg     + . .     Faith    .   r - +0 ring mail
rPois    ∞         Spirit   +   h - +2 hat {MR+}
rElec    +         Reflect  .   (no cloak)
rCorr    .         Harm     .   (no gloves)
MR       +....                  (no boots)
Stlth    +.........             j - amulet of guardian spirit {Spirit}
HPRegen  0.07/turn              o - ring of ice {rC+, rF-}
MPRegen  0.08/turn              (no ring)

@: no status effects
A: negative energy resistance 1, electricity resistance, unbreathing,
petrification resistance, rot immunity, AC +3
a: no special abilities


You were on level 3 of the Dungeon.
You were not hungry.

You visited 1 branch of the dungeon, and saw 3 of its levels.

You collected 95 gold pieces.

Inventory:

Hand Weapons
 a - a +1 war axe (weapon)
Armour
 h - a +2 hat of magic resistance (worn)
   (You found it on level 1 of the Dungeon)
 n - a +0 buckler (worn)
   (You found it on level 1 of the Dungeon)
 r - a +0 ring mail (worn)
   (You found it on level 2 of the Dungeon)
Jewellery
 j - an amulet of guardian spirit (around neck) {Spirit}
   (You found it on level 1 of the Dungeon)
 o - a ring of ice (left hand) {rC+, rF-}
   (You found it on level 2 of the Dungeon)
Scrolls
 e - a scroll of magic mapping {unknown}
 i - 3 scrolls of identify
 m - a scroll of remove curse
 s - a scroll of amnesia
Potions
 c - a potion of lignification {unknown}
 k - 3 potions of might {unknown}
 l - a potion of curing {unknown}
 q - 2 potions of heal wounds
Comestibles
 f - 3 rations


   Skills:
 + Level 3.5 Fighting
 + Level 3.5 Axes
 - Level 1.7 Throwing
 - Level 2.4 Dodging


You had 2 spell levels left.
You didn't know any spells.

Dungeon Overview and Level Annotations

Branches:
Dungeon (3/15)

Altars:
Elyvilon

Annotations:
D:3 Grinder


Innate Abilities, Weirdness & Mutations

You are resistant to torment.
Your stone body is resilient. (AC +3)
You are immune to poison.
You resist negative energy. (rN+)
You are resistant to electric shocks. (rElec)
You can survive without breathing.
You are immune to petrification.
You are immune to rotting.


Message History

i - 3 scrolls of identify (gained 1)
f - 3 rations (gained 1)
You see here a leather armour.
There is a stone staircase leading down here.
You see here a robe.
Done exploring.
Done exploring.
Done exploring.
Done exploring.
Done exploring.
(D) Dungeon
Where to? (Enter - D:2 @ (x,y), ? - help)
What level of the Dungeon? (default 1, ? - help)
There is a stone staircase leading down here.
You climb downwards.
There is a stone staircase leading up here.
Drop what? 17/52 slots (_ for help) (? for menu, Esc to quit)
You drop a +0 leather armour.
Unknown command.
Put on which piece of jewellery? (? for menu, Esc to quit)
You feel more attuned to ice.
o - a ring of ice (left hand)
You see here a spear.
You see here a spear.
A kobold comes into view. It is wielding a whip.
The kobold shouts!
The kobold throws a stone.
The stone hits you but does no damage.
You see here a stone.
The kobold throws a stone.
The stone barely misses you. The kobold misses you.
Found a stone staircase leading up.
You completely miss the kobold. The kobold hits you with a whip.
You closely miss the kobold. The kobold hits you with a whip.
The kobold hits you but does no damage.
You miss the kobold. The kobold hits you with a whip.
You slash the kobold!
You kill the kobold!
No target in view!
No target in view!
No target in view!
Magic restored.
Things that are here:
a whip; a stone A giant cockroach comes into view.
A giant cockroach is nearby!
You closely miss the giant cockroach.
The giant cockroach bites you but does no damage. x2
You slash the giant cockroach!
You kill the giant cockroach!
No target in view!
No target in view!
Marking area around Grinder as unsafe for travelling.
Grinder comes into view.
Grinder shouts!
Unknown command.
Unknown command.
Unknown command.
You start resting.
Grinder hits you but does no damage.
You slash Grinder!
Grinder is moderately wounded.
Grinder hits you.
You writhe in agony.
Grinder blinks!
Grinder blinks!
Grinder gestures at you.
You easily resist.
Grinder hits you.
You writhe in agony.
You slash Grinder!
Grinder is heavily wounded.
Grinder hits you.
You writhe in agony.
* * * LOW HITPOINT WARNING * * *
You closely miss Grinder.
Grinder is heavily wounded.
Grinder hits you.
* * * LOW HITPOINT WARNING * * *
Grinder blinks!
Quiver which item? (- for none, * to show all) (? for menu, Esc to quit)
Quivering
d - 3 throwing nets {=f, !d} for throwing.
Throwing (i - inventory):
d - 3 throwing nets (quivered)
{=f, !d}
Press: ? - help, Shift-Dir - straight line, f - Grinder
Aim: Grinder (heavily wounded)
You throw a throwing net {=f, !d}.
The throwing net {=f, !d} closely misses Grinder.
Throwing (i - inventory):
d - 2 throwing nets (quivered)
{=f, !d}
Press: ? - help, Shift-Dir - straight line, f/p - Grinder
Aim: Grinder (heavily wounded)
You throw a throwing net {=f, !d}. The throwing net {=f, !d} hits Grinder.
Grinder is caught in the net!
Grinder is heavily wounded.
Grinder blinks!
You start resting.
Throwing (i - inventory):
d - a throwing net (quivered)
{=f, !d}
Press: ? - help, Shift-Dir - straight line, f/p - Grinder
Aim: Grinder (heavily wounded)
You throw a throwing net {=f, !d}. The throwing net {=f, !d} hits Grinder.
Grinder is caught in the net!
Grinder is heavily wounded.
Grinder struggles against the net.
Grinder gestures at you. Pain shoots through your body!
You die...

.# #.. .#. .# #.#####.. #
.# ##.## #...#... #.. ##
#...# #..#.. (..# # #...#
#....##(.#.# #### #...#
#....(..5..
...######...#####...##.##.#
##.##(..........#...#
##..............@.5.#
#####...........##.## #
###.#)..#.####.# #
#.#...#.# #.# # #.#.<.#.#
#.# #.#...#.# #.# #.##.##.#
#.# #.......# .# #..###..#


You could see Grinder (caught).

Vanquished Creatures
  2 adders (D:2)
  3 leopard geckos
  2 bats (D:1)
  A giant cockroach (D:3)
  4 goblins
  2 hobgoblins
  2 jackals (D:1)
  A quokka (D:2)
  A ball python (D:1)
  6 frilled lizards
  4 kobolds
  4 rats
32 creatures vanquished.

Vanquished Creatures (others)
  A giant cockroach (D:2)
1 creature vanquished.

Grand Total: 33 creatures vanquished

Notes
Turn   | Place    | Note
-------+----------+-------------------------------------------
     0 | D:1      | Mgcat the Gargoyle Gladiator began the quest for the Orb.
     0 | D:1      | Reached XP level 1. HP: 12/12 MP: 1/1
    96 | D:1      | Reached XP level 2. HP: 16/18 MP: 2/2
   121 | D:1      | Reached skill level 3 in Axes
   756 | D:2      | Reached skill level 3 in Fighting
   815 | D:2      | Reached XP level 3. HP: 23/23 MP: 3/3
   974 | D:2      | Found a white marble altar of Elyvilon.
  1595 | D:3      | Noticed Grinder
  1607 | D:3      | HP: 3/23 [Grinder (3)]
  1621 | D:3      | Killed from afar by Grinder

Skill      XL: |  1  2 |
---------------+-------+-----
Axes           | 3 |  3.5
Fighting       | 3 |  3.5
Throwing       | |  1.7
Dodging        | |  2.4

Action                   || total
-------------------------++-------
Melee: War axe           ||   100
Throw: Throwing net      ||     3
  Use: Scroll            ||     6
  Eat: Chunk             ||     2
Armor: Leather armour    ||    42
       Ring mail         ||     6
Dodge: Dodged            ||    58
Block: Buckler           ||    11

Vault maps used:
D:1:      dpeg_arrival_rhombus
D:2:      grunt_decor_one_mirror, elyvilon_altar_4
D:3:      kennysheep_generic_room_16, uniq_grinder

Table legend:
 A = Turns spent in this place as a percentage of turns spent in the entire game.
 B = Non-inter-level travel turns spent in this place as a percentage of non-inter-level travel turns spent in the entire game.
 C = Inter-level travel turns spent in this place as a percentage of turns spent in this place.
 D = Turns resting spent in this place as a percentage of non-inter-level travel turns spent in this place.
 E = Turns spent auto-exploring this place as a percentage of non-inter-level travel turns spent in this place.
 F = Non-inter-level travel turns spent in this place divided by the number of levels of this place that you've seen.
                   A       B       C       D       E      F
               +-------+-------+-------+-------+-------+----------------------
         Total | 100.0 | 100.0 |   5.7 |   0.6 |  79.1 | 509.7
       Dungeon | 100.0 | 100.0 |   5.7 |   0.6 |  79.1 | 509.7
               +-------+-------+-------+-------+-------+----------------------

Table legend:
 A = Kills in this place as a percentage of kills in entire the game.
 B = Kills by you in this place as a percentage of kills by you in the entire game.
 C = Kills by friends in this place as a percentage of kills by friends in the entire game.
 D = Other kills in this place as a percentage of other kills in the entire game.
 E = Experience gained in this place as a percentage of experience gained in the entire game.
 F = Experience gained in this place divided by the number of levels of this place that you have seen.
                   A       B       C       D       E      F
               +-------+-------+-------+-------+-------+----------------------
         Total | 100.0 | 100.0 |   N/A |   N/A | 100.0 |  25.3
       Dungeon | 100.0 | 100.0 |   N/A |   N/A | 100.0 |  25.3
               +-------+-------+-------+-------+-------+----------------------
